 Dungeon Crawl Stone Soup version 0.24-a0-176-gc3651c4 (webtiles) character file.

Game seed: 14305573197523497017

67 Dfrag the Firebug (level 4, 14/30 HPs)
             Began as a Demonspawn Fire Elementalist on Mar 12, 2019.
             Quit the game on level 2 of the Dungeon.
             The game lasted 00:03:13 (1125 turns).

Dfrag the Firebug (Demonspawn Fire Elementalist)    Turns: 1125, Time: 00:03:14

Health: 14/30      AC:  2    Str:  8    XL:     4   Next: 0%
Magic:  1/8        EV: 12    Int: 18    God:
Gold:   86         SH:  0    Dex: 13    Spells: 7/8 levels left

rFire    . . .     SeeInvis .   (no weapon)
rCold    . . .     Gourm    .   (no shield)
rNeg     . . .     Faith    .   a - +0 robe
rPois    .         Spirit   .   (no helmet)
rElec    .         Reflect  .   (no cloak)
rCorr    .         Harm     .   (no gloves)
MR       .....     Rnd*Tele +   (no boots)
Stlth    ++........             (no amulet)
HPRegen  0.10/turn              g - ring of teleportation (curse)
MPRegen  0.11/turn              (no ring)

@: no status effects
A: hooves 1, spiny 1
a: no special abilities


You were on level 2 of the Dungeon.
You were very hungry.

You visited 1 branch of the dungeon, and saw 2 of its levels.

You collected 86 gold pieces.

Inventory:

Armour
 a - a +0 robe (worn)
Jewellery
 g - a cursed ring of teleportation (left hand)
 k - a +3 amulet of reflection {unknown}
Scrolls
 b - 3 scrolls of teleportation {unknown}
 d - 2 scrolls of enchant armour {unknown}
 i - a scroll of blinking {unknown}
 l - a scroll of remove curse {unknown}
 n - a scroll of identify {unknown}
Potions
 e - 2 potions of flight {unknown}
 f - 2 potions of degeneration {unknown}
 h - a potion of lignification {unknown}
 j - a potion of mutation {unknown}
 m - a potion of berserk rage {unknown}
 o - a potion of might {unknown}
Comestibles
 c - a ration


   Skills:
 - Level 1.7 Dodging
 - Level 1.7 Stealth
 + Level 2.8 Spellcasting
 + Level 2.3 Conjurations
 + Level 3.3 Fire Magic


You had 7 spell levels left.
You knew the following spells:

 Your Spells              Type           Power        Failure   Level  Hunger
a - Flame Tongue          Conj/Fire      ##...        5%          1    None

Your spell library contained the following spells:

 Spells                   Type           Power        Failure   Level  Hunger
 Throw Flame              Conj/Fire      ##....       8%          2    ##.....
 Conjure Flame            Conj/Fire      ##......     16%         3    ###....
 Inner Flame              Hex/Fire       #.......     26%         3    ###....
 Sticky Flame             Conj/Fire      ##......     45%         4    ####...
 Fireball                 Conj/Fire      ##........   82%         5    ######.


Dungeon Overview and Level Annotations

Branches:
Dungeon (2/15)

Altars:
Cheibriados


Innate Abilities, Weirdness & Mutations

You have large cloven feet.
You are partially covered in sharp spines.


Message History

Aiming: Flame Tongue (safe; 5% risk of failure)
Press: ? - help, Shift-Dir - straight line, f/p - jackal
Aim: a jackal (heavily wounded)
The flame tongue hits the jackal.
You kill the jackal!
The jackal barely misses you.
Casting: Flame Tongue (safe; 5% risk of failure)
Confirm with . or Enter, or press ? or * to list all spells.
You don't have enough magic to cast that spell.
Unknown command.
You hit the jackal but do no damage. Your kick misses the jackal.
The jackal is heavily wounded.
The jackal closely misses you.
You miss the jackal. You kick the jackal.
You kill the jackal!
You have reached level 4!
You feel clever.
Your demonic ancestry asserts itself...
Sharp spines emerge from parts of your body.
Your magical contamination has completely faded away.
Are you sure you want to abandon this character and quit the game? (Confirm with "yes".)

#... #..#.#.#≈
##.########....##≈≈
#.............#_≈≈
#####..........#..##≈≈
###.............###....≈
#......#.....>#..#......
#.#.##..........#..#####
#.......#..#.......#
##..###@#..#.##.####
#..###.#.......#
#........##.####
#.#.......#.##
#.#......%...#
####............
#.........#..
#......#### ##......#


There were no monsters in sight!

Vanquished Creatures
  An adder (D:2)
  An ooze (D:1)
  A dart slug (D:2)
  3 leopard geckos
  5 bats
  5 giant cockroaches
  4 goblins (D:1)
  8 hobgoblins
  4 jackals (D:2)
  3 frilled lizards
  4 kobolds (D:1)
  7 rats
46 creatures vanquished.

Notes
Turn   | Place    | Note
-------+----------+-------------------------------------------
     0 | D:1      | Dfrag the Demonspawn Fire Elementalist began the quest for
                  | the Orb.
     0 | D:1      | Reached XP level 1. HP: 13/13 MP: 3/3
   140 | D:1      | Gained mutation: You have large cloven feet. [demonic
                  | ancestry]
   140 | D:1      | Reached XP level 2. HP: 16/19 MP: 1/5
   233 | D:1      | Reached skill level 3 in Fire Magic
   437 | D:1      | Reached XP level 3. HP: 17/24 MP: 1/6
   863 | D:2      | Found a snail-covered altar of Cheibriados.
  1124 | D:2      | Gained mutation: You are partially covered in sharp spines.
                  | [demonic ancestry]
  1124 | D:2      | Reached XP level 4. HP: 14/30 MP: 1/8
  1125 | D:2      | Quit the game

Levels and vault maps discovered:
D:1:      ebering_trefoil_3fold, layout_loops_ring, roderic_roman_lattice,
          minmay_pentomino_z2
D:2:      layout_loops_cross, nicolae_overflow_hidden_temple,
          kennysheep_slug_shrine, first_ration

Skill      XL: |  1  2  3 |
---------------+----------+-----
Fire Magic     | 3 |  3.3
Conjurations   | 2 |  2.3
Dodging        | |  1.7
Stealth        | |  1.7
Spellcasting   | |  2.8

Action                   |  1- 3 |  4- 6 || total
-------------------------+-------+-------++-------
Melee: Unarmed           |    42 |       ||    42
       Kick              |     7 |       ||     7
 Cast: Flame Tongue      |    69 |       ||    69
 Stab: Sleeping          |     1 |       ||     1
Armor: Robe              |    13 |       ||    13
Dodge: Dodged            |    60 |       ||    60

Table legend:
 A = Non-vault XP
 B = Vault XP
 C = Vault XP percentage of total XP
 D = Non-vault monster count
 E = Vault monster count
 F = Vault count percentage of total count
                 A         B        C        D         E       F
            +---------+---------+-------+---------+---------+-------
      Total |      91 |       6 |   6.2 |      44 |       2 |   4.3
            +---------+---------+-------+---------+---------+-------
        D:1 |      52 |       2 |   3.7 |      29 |       1 |   3.3
        D:2 |      39 |       4 |   9.3 |      15 |       1 |   6.2
            +---------+---------+-------+---------+---------+-------
